 Dungeon Crawl Stone Soup version bcrawl-1.40.3b (webtiles) character file.

Game seed: 9882088205260110404

121234 Finalfun the Sneak (level 3, -3/28 HPs)
             Began as a Gnoll Archaeologist on Mar 22, 2024.
             Slain by an adder (4 damage)
             ... on level 2 of the Dungeon.
             The game lasted 00:01:53 (957 turns).

Finalfun the Sneak (Gnoll Archaeologist)             Turns: 957, Time: 00:01:53

Health: -3/28      AC:  9    Str: 14    XL:     3   Next: 33%
Magic:  4/4        EV: 10    Int: 16    God:
Gold:   62         SH:  4    Dex: 13    Spells: 3/3 levels left

rFire    . . .     GDR:     25% a - +0 whip
rCold    . . .     SeeInvis .   m - +0 buckler
rNeg     . . .     Gourm    .   s - +0 scale mail
rPois    .         Faith    .   d - +1 hat
rElec    .         Spirit   .   (no cloak)
rCorr    .         Reflect  .   (no gloves)
MR       .....                  j - +1 pair of boots
Stlth    ++........             (no amulet)
HPRegen  0.14/turn              (no ring)
MPRegen  0.09/turn              (no ring)

@: lethally poisoned (-3 -> -4)
A: distributed training, fangs 1, strong nose
a: no special abilities


You were on level 2 of the Dungeon.
You were not hungry.

You visited 1 branch of the dungeon, and saw 2 of its levels.

You collected 62 gold pieces.

Inventory:

Hand Weapons
 a - a +0 whip (weapon)
 b - a +0 blowgun
Missiles
 f - 6 curare-tipped needles
 o - 830 stones (quivered)
 p - 122 arrows
Armour
 d - a +1 hat (worn)
 j - a +1 pair of boots (worn)
 m - a +0 buckler (worn)
 s - a +0 scale mail (worn)
Jewellery
 l - a +3 ring of protection {unknown}
Scrolls
 g - a scroll of revelation
 i - a scroll of identify
 k - 2 scrolls of fog {unknown}
 q - a scroll of remove curse {unknown}
 r - a scroll of immolation {unknown}
 u - a scroll of teleportation {unknown}
Potions
 e - a potion of might {unknown}
 n - a potion of curing {unknown}
 t - a potion of lignification {unknown}
Miscellaneous
 h - a dusty tome
Comestibles
 c - 3 chunks of flesh


   Skills:
 + Level 2.6 Fighting
 + Level 0.7 Short Blades
 + Level 0.7 Long Blades
 + Level 0.7 Axes
 + Level 2.6 Maces & Flails
 + Level 0.7 Polearms
 + Level 0.7 Staves
 + Level 0.7 Slings
 + Level 0.7 Bows
 + Level 0.7 Crossbows
 + Level 0.7 Throwing
 + Level 0.7 Armour
 + Level 6.5 Dodging
 + Level 6.5 Stealth
 + Level 0.7 Shields
 + Level 0.7 Unarmed Combat
 + Level 0.7 Spellcasting
 + Level 0.5 Conjurations
 + Level 0.5 Hexes
 + Level 0.5 Charms
 + Level 0.5 Summonings
 + Level 0.5 Necromancy
 + Level 0.5 Translocations
 + Level 0.5 Transmutations
 + Level 0.5 Fire Magic
 + Level 0.5 Ice Magic
 + Level 0.5 Air Magic
 + Level 0.5 Earth Magic
 + Level 0.5 Poison Magic
 + Level 0.9 Invocations
 + Level 0.7 Evocations


You had 3 spell levels left.
You didn't know any spells.
Your spell library was empty.

Dungeon Overview and Level Annotations

Branches:
Dungeon (2/12)

Altars:


Innate Abilities, Weirdness & Mutations

Your experience applies equally to all skills.
You have very sharp teeth.
Your uncanny sense of smell can sniff out nearby items.


Message History

* * * LOW HITPOINT WARNING * * *
You hit the ogre.
The ogre is heavily wounded.
A bat comes into view.
The adder bites you but does no damage. The ogre barely misses you.
The adder bites you.
* * * LOW HITPOINT WARNING * * *
You hit the ogre but do no damage.
The ogre is heavily wounded.
You block the adder's attack. The ogre barely misses you.
Your shield and scale mail prevent you from hitting the ogre.
The ogre is heavily wounded.
You feel sick. The adder bites you.
* * * LOW HITPOINT WARNING * * *
The ogre hits you but does no damage. The adder bites you.
* * * LOW HITPOINT WARNING * * *
You hit the ogre.
The ogre is heavily wounded.
The adder bites you.
You die...

. ..#.. .##.#. ..#.#. #
#.#... . #.########.##.#
. ............#.# .
......S†....#.# ###.
.....wO@....#.######...#
.....b#####.#.##.#†..# .
..... #........#####
.... #.......#..... ...
#####..##.###. ..
#.....# #. . ∆ ....##.#
#. ........# #.
......##.# #.


You could see an ogre, a worm, an adder and a bat.

Vanquished Creatures
  2 leopard geckos (D:2)
  5 goblins
  5 hobgoblins
  4 jackals (D:1)
  3 kobolds
  A quokka (D:2)
  4 bats
  4 frilled lizards (D:1)
  A rat (D:1)
29 creatures vanquished.

Notes
Turn   | Place    | Note
-------+----------+-------------------------------------------
     0 | D:1      | Finalfun the Gnoll Archaeologist began the quest for the
                  | Orb.
     0 | D:1      | Reached XP level 1. HP: 17/17 MP: 1/1
    63 | D:1      | Reached XP level 2. HP: 5/23 MP: 2/2
   788 | D:2      | Reached XP level 3. HP: 28/28 MP: 3/3
   946 | D:2      | Noticed an ogre
   956 | D:2      | HP: 1/28 [adder (2)]
   957 | D:2      | Slain by an adder

Action                   || total
-------------------------++-------
Melee: Whip              ||   118
       Bite              ||     9
  Use: Potion            ||     1
 Stab: Sleeping          ||     4
  Eat: Ration            ||     1
Armor: Robe              ||    25
       Scale mail        ||    29
Dodge: Dodged            ||   100
Block: Buckler           ||    14
